 Dungeon Crawl Stone Soup version 0.29.1-13-g9f3cf754e1 (webtiles) character file.

Game seed: 17199873766644199371

42 GigaChad the Shield-Bearer (level 3, -4/33 HPs)
             Began as a Minotaur Fighter on Jan 24, 2023.
             Killed from afar by Ijyb (9 damage)
             ... with a puff of flame
             ... on level 3 of the Dungeon.
             The game lasted 00:02:53 (1990 turns).

GigaChad the Shield-Bearer (Minotaur Fighter)       Turns: 1990, Time: 00:02:53

Health: -4/33      AC:  7    Str: 22    XL:     3   Next: 35%
Magic:  2/2        EV:  9    Int:  5    God:
Gold:   78         SH:  4    Dex:  9    Spells: 2/2 levels left

rFire   . . .      SeeInvis .   a - +0 war axe
rCold   . . .      Faith    .   c - +0 buckler
rNeg    . . .      Spirit   .   b - +0 scale mail
rPois   .          Reflect  .   (helmet restricted)
rElec   .          Harm     .   (no cloak)
rCorr   .          Rampage  .   (no gloves)
Will    .....                   (no boots)
Stlth   ..........              (no amulet)
HPRegen 0.11/turn               (no ring)
MPRegen 0.08/turn               (no ring)

@: no status effects
A: horns 2, retaliatory headbutt
a: no special abilities


You were on level 3 of the Dungeon.
You visited 1 branch of the dungeon, and saw 3 of its levels.

You collected 78 gold pieces.

Inventory:

Hand Weapons
 a - a +0 war axe (weapon)
Missiles
 m - 6 javelins (quivered)
Armour
 b - a +0 scale mail (worn)
 c - a +0 buckler (worn)
Scrolls
 g - a scroll of immolation
 h - a scroll of magic mapping {unknown}
 j - 2 scrolls of identify
 l - 2 scrolls of fear {unknown}
Potions
 d - a potion of might
 e - 2 potions of curing {unknown}
 f - a potion of lignification {unknown}
 i - a potion of heal wounds {unknown}
 k - a potion of attraction {unknown}


   Skills:
 + Level 4.1 Fighting
 + Level 3.1 Axes
 + Level 4.0 Armour
 + Level 4.2 Shields


You had 2 spell levels left.
You didn't know any spells.
Your spell library was empty.

Dungeon Overview and Level Annotations

Branches:
Dungeon (3/15)

Altars:

Annotations:
D:3 Ijyb


Innate Abilities, Weirdness & Mutations

You have a pair of horns on your head.
You reflexively headbutt those who attack you in melee.


Message History

You kill the jackal!
Your Armour skill increases to level 4!
You see here 12 gold pieces.
Ijyb the Twisted Goblin comes into view.
She is wielding a +0 dagger and carrying a wand of flame (9).
Ijyb shouts!
You see here 12 gold pieces.
A rat comes into view.
The jackal bites you but does no damage.
You see here 12 gold pieces.
You closely miss the jackal. You hit the jackal.
You kill the jackal!
The jackal barely misses you. x2
You closely miss the jackal.
The jackal bites you but does no damage.
The jackal barely misses you. You furiously retaliate!
You headbutt the jackal. You slash the jackal!
You kill the jackal!
You barely miss Ijyb.
Ijyb zaps a wand.
The puff of flame hits you.
A frilled lizard comes into view.
The frilled lizard hisses angrily.
The rat bites you but does no damage.
Ijyb zaps a wand.
The puff of flame hits you.
You see here a jackal corpse.
You hit the rat.
You kill the rat!
You closely miss Ijyb.
Ijyb zaps a wand.
The puff of flame hits you! Ijyb hits you but does no damage.
You slash Ijyb! You headbutt Ijyb, but do no damage.
Ijyb is heavily wounded.
Ijyb zaps a wand.
The puff of flame hits you!
* * * LOW HITPOINT WARNING * * *
You slash Ijyb!
Ijyb is almost dead.
Ijyb barely misses you. Ijyb completely misses you.
You closely miss Ijyb.
Ijyb is almost dead.
You closely miss the frilled lizard.
The frilled lizard bites you but does no damage.
Ijyb zaps a wand.
The puff of flame hits you!
You die...

...............#
####_..♣..8.....8#
#................#####.
#.......(..............
#...∩............######
#................#...#
#.......†..........#
#...8..8.$8..∩...###.#
......l@$######†.....#
.......g.# #.######
.#.....### #......#
+...#. ######.# #..$#.
#.# +.. .. #.# ## #.
#.# ## #.### #...#


You could see Ijyb and a frilled lizard.

Vanquished Creatures
  An adder (D:3)
  A worm (D:2)
  2 dart slugs
  An endoplasm (D:1)
  A giant cockroach (D:1)
  A goblin (D:2)
  2 hobgoblins
  6 jackals
  2 kobolds (D:1)
  A quokka (D:1)
  2 ball pythons (D:1)
  2 bats
  2 rats
24 creatures vanquished.

Notes
Turn   | Place    | Note
-------+----------+-------------------------------------------
     0 | D:1      | GigaChad the Minotaur Fighter began the quest for the Orb.
     0 | D:1      | Reached XP level 1. HP: 19/19 MP: 0/0
   228 | D:1      | Reached XP level 2. HP: 27/27 MP: 1/1
  1788 | D:2      | Reached XP level 3. HP: 29/33 MP: 2/2
  1972 | D:3      | Found a faded altar of an unknown god.
  1979 | D:3      | Noticed Ijyb
  1990 | D:3      | Killed from afar by Ijyb

Illustrated notes

Levels and vault maps discovered:
D:1:      tarquinn_simple_flora_water_b, layout_loops_ring, chequers_big_river,
          nrook_campfire
D:2:      layout_loops_corners
D:3:      layout_basic, gammafunk_ghost_mausoleum,
          hellmonk_ecumenical_altar_arch_garden, kennysheep_potato, uniq_ijyb

Skill      XL: |  1  2  3 |
---------------+----------+-----
Shields        | 4 |  4.2
Fighting       | 4 |  4.1
Axes           | 3 |  3.1
Armour         | 4 |  4.0

Action                   || total
-------------------------++-------
Melee: War axe           ||    53
       Headbutt          ||     2
Throw: Javelin           ||     1
  Use: Scroll            ||     1
Armor: Scale mail        ||    38
Dodge: Dodged            ||    29
Block: Buckler           ||    11
